 Dungeon Crawl Stone Soup version 0.23.0-38-g208d714 (webtiles) character file.

Game seed: 17631735938279488192

126 Fang the Skirmisher (level 5, -1/33 HPs)
             Began as a Gargoyle Berserker on Feb 27, 2019.
             Was a Believer of Trog.
             Slain by a centaur skeleton (3 damage)
             ... on level 4 of the Dungeon.
             The game lasted 00:01:55 (2024 turns).

Fang the Skirmisher (Gargoyle Berserker)            Turns: 2024, Time: 00:01:56

Health: -1/33      AC:  6    Str: 22    XL:     5   Next: 9%
Magic:  5/5        EV: 12    Int:  7    God:    Trog [**....]
Gold:   186        SH:  0    Dex:  9    Spells: 4/4 levels left

rFire    . . .     SeeInvis .   a - +0 hand axe
rCold    . . .     Gourm    .   (no shield)
rNeg     + . .     Faith    .   b - +0 animal skin
rPois    ∞         Spirit   .   (no helmet)
rElec    +         Reflect  .   (no cloak)
rCorr    +         Harm     .   (no gloves)
MR       .....     Rnd*Tele +   (no boots)
Stlth    +.........             q - amulet of inaccuracy (curse)
HPRegen  0.11/turn              f - ring of teleportation (curse)
MPRegen  0.09/turn              v - ring of resist corrosion

@: no status effects
A: negative energy resistance 1, electricity resistance, unbreathing,
petrification resistance, rot immunity, AC +4
a: Berserk, Trog's Hand, Renounce Religion


You were on level 4 of the Dungeon.
You worshipped Trog.
Trog was pleased with you.
You were not hungry.

You visited 1 branch of the dungeon, and saw 4 of its levels.

You collected 186 gold pieces.

Inventory:

Hand Weapons
 a - a +0 hand axe (weapon)
Armour
 b - a +0 animal skin (worn)
Jewellery
 f - a cursed ring of teleportation (left hand)
 q - a cursed amulet of inaccuracy (around neck)
 v - a ring of resist corrosion (right hand)
Wands
 u - a wand of scattershot (5)
Scrolls
 h - a scroll of immolation {unknown}
 i - 6 scrolls of identify {unknown}
 j - 2 scrolls of random uselessness {unknown}
 k - a scroll of amnesia {unknown}
 m - 2 scrolls of noise {unknown}
 n - a scroll of fear {unknown}
 p - 3 scrolls of blinking {unknown}
 r - 2 scrolls of teleportation {unknown}
 t - a scroll of remove curse {unknown}
Potions
 d - a potion of resistance {unknown}
 e - a potion of agility {unknown}
 g - a potion of haste {unknown}
 l - 2 potions of heal wounds {unknown}
 o - 2 potions of might {unknown}
Comestibles
 c - 5 rations
 s - 5 chunks of flesh


   Skills:
 + Level 4.2 Fighting
 + Level 3.4 Axes
 + Level 3.3 Armour
 + Level 2.4 Dodging


You had 4 spell levels left.
You didn't know any spells.
Your spell library was empty.

Dungeon Overview and Level Annotations

Branches:
Dungeon (3/15)

Altars:
Ashenzari
Cheibriados
Hepliaklqana
Kikubaaqudgha
Nemelex Xobeh
Ru
Sif Muna
Uskayaw
Wu Jian
Xom

Annotations:
D:4 4 runed translucent doors


Innate Abilities, Weirdness & Mutations

You are resistant to torment.
Your stone body is resilient. (AC +4)
You are immune to poison.
You resist negative energy. (rN+)
You are resistant to electric shocks. (rElec)
You can survive without breathing.
You are immune to petrification.
You are immune to rotting.


Message History

The centaur skeleton hits you.
* * * LOW HITPOINT WARNING * * *
The phantom blinks!
The centaur skeleton hits you but does no damage.
You barely miss the phantom. You hit the centaur skeleton.
The centaur skeleton hits you.
* * * LOW HITPOINT WARNING * * *
The phantom hits you but does no damage.
You hit the centaur skeleton. You barely miss the phantom.
The centaur skeleton hits you but does no damage.
The phantom barely misses you.
You barely miss the phantom. You hit the centaur skeleton.
The centaur skeleton closely misses you.
The phantom misses you. The centaur skeleton barely misses you.
You hit the orc warrior.
The orc warrior is lightly wounded.
You closely miss the phantom. You hit the centaur skeleton.
The orc warrior hits you but does no damage.
The centaur skeleton hits you.
You die...

..##.##.#ro...(#
#..#.#
..##.##.#8...o8#
##.#.# .
..##.##.##8oo8##
#...# ...
..##.##..##++##.
#..###..##
................
#..[......
...#.###.#......
#.......##
####.#
.#.###..##
##.##.#.... #..
.# #
#.Zo######..#
.....# .. ....
.. #..@....)...#
.##### #.
##.##.#
#..W.##.....# ..
.# .#
#....######## ##
## #.....
#.##.## #. #.#
.. #.# #.# #?#


You could see a phantom, an orc warrior, 2 orc wizards and a centaur skeleton.

Vanquished Creatures
  A howler monkey (D:4)
  3 adders (D:2)
  A worm (D:2)
  3 dart slugs
  3 leopard geckos
  2 orcs
  4 giant cockroaches
  7 hobgoblins
  2 kobolds (D:1)
  2 quokkas
  10 bats
  7 goblins
  4 rats
49 creatures vanquished.

Notes
Turn   | Place    | Note
-------+----------+-------------------------------------------
     0 | D:1      | Fang the Gargoyle Berserker began the quest for the Orb.
     0 | D:1      | Reached XP level 1. HP: 14/14 MP: 1/1
   259 | D:1      | Reached XP level 2. HP: 19/19 MP: 2/2
   699 | D:2      | Reached XP level 3. HP: 24/24 MP: 3/3
   733 | D:2      | Reached ** piety under Trog
   789 | D:2      | Found a sacrificial altar of Ru.
  1132 | D:2      | Found a hazy altar of Hepliaklqana.
  1198 | D:2      | Found a deep blue altar of Sif Muna.
  1212 | D:2      | Reached XP level 4. HP: 29/29 MP: 4/4
  1297 | D:2      | Found an ornate altar of the Wu Jian Council.
  1630 | D:3      | Found a snail-covered altar of Cheibriados.
  1635 | D:3      | Found a sparkling altar of Nemelex Xobeh.
  1635 | D:3      | Found a hide-covered altar of Uskayaw.
  1648 | D:3      | Found a shattered altar of Ashenzari.
  1658 | D:3      | Found an ancient bone altar of Kikubaaqudgha.
  1765 | D:3      | Reached skill level 4 in Fighting
  1894 | D:3      | Found a shimmering altar of Xom.
  1898 | D:3      | You fall through a shaft!
  1936 | D:4      | Found a large runed translucent door.
  1936 | D:4      | Found a large runed translucent door.
  1941 | D:4      | Found a large runed translucent door.
  1941 | D:4      | Found a large runed translucent door.
  1999 | D:4      | Reached XP level 5. HP: 25/33 MP: 5/5
  2006 | D:4      | Noticed a phantom
  2019 | D:4      | Noticed an orc warrior
  2024 | D:4      | Slain by a centaur skeleton

Skill      XL: |  1  2  3  4 |
---------------+-------------+-----
Axes           | 3 |  3.4
Dodging        | 2 |  2.4
Armour         | 3 |  3.3
Fighting       | 4 |  4.2

Action                   |  1- 3 |  4- 6 || total
-------------------------+-------+-------++-------
Melee: Hand axe          |   111 |    61 ||   172
 Stab: Sleeping          |       |     2 ||     2
  Eat: Chunk             |     1 |     3 ||     4
Armor: Animal skin       |    53 |    23 ||    76
Dodge: Dodged            |    88 |    38 ||   126
